 Dungeon Crawl Stone Soup version 0.18.1-5-g4a78601 (webtiles) character file.

194831 Uller88 the Shatterer (level 17, 0/195 HPs)
             Began as a Minotaur Monk on May 13, 2016.
             Was the Champion of Okawaru.
             Slain by a centaur warrior (2 damage)
             ... summoned by a boggart
             ... on level 1 of the Vaults on May 15, 2016.
             The game lasted 02:59:49 (39430 turns).

Uller88 the Shatterer (Minotaur Monk)              Turns: 39430, Time: 02:59:50

Health: 0/195      AC: 26    Str: 27 (31) XL:     17   Next: 69%
Magic:  16/16      EV: 17    Int:  3 (5)  God:    Okawaru [******]
Gold:   1756       SH:  0    Dex: 15 (19) Spells: 0 memorised, 16 levels left

rFire  + + .     SeeInvis .     d - +6 flail (holy)
rCold  + . .     Gourm    .     E - +5 chain mail of the Present {rElec rC+ rN+}
rNeg   + + .     Faith    +     s - +0 shield
rPois  +         Spirit   .     F - +3 hat of the Ban {rF+ Int+3}
rElec  +         Dismiss  .     h - +0 cloak of the Tundras {Regen+}
rCorr  .         Reflect  .     f - +1 pair of gloves of Kaffezim {rC- rN+ Slay+3}
SustAt .         Harm     .     G - +2 pair of boots {Fly}
MR     +....                    t - amulet of faith
Stlth  ..........               I - ring of the Lily {Wiz rElec rPois rF+ Stlth+}
                                W - ring "Xunn" {rC+ Str+7 Int-5}

@: confused, mighty, corroded, flying, slowed, very slow, somewhat resistant to
hostile enchantments, extremely unstealthy
A: retaliatory headbutt, beak, claws 1, horns 2, rugged brown scales 1, agile 2,
robust 2, weak 1
a: Heroism, Finesse, Renounce Religion, Stop Flying
}: 1/15 runes: gossamer


You were on level 1 of the Vaults.
You worshipped Okawaru.
Okawaru was exalted by your worship.
You were not hungry.

You visited 9 branches of the dungeon, and saw 34 of its levels.
You also visited: Labyrinth and Sewer.

You collected 3065 gold pieces.
You spent 1309 gold pieces at shops.

Inventory:

Hand Weapons
 d - a +6 flail of holy wrath (weapon)
 p - a +2 arbalest of velocity
Missiles
 u - 98 bolts (quivered)
Armour
 a - a +5 plate armour of magic resistance
 f - the +1 pair of gloves of Kaffezim (worn) {rC- rN+ Slay+3}
   (You found it on level 4 of the Dungeon)

   It affects your accuracy and damage with ranged weapons and melee attacks
   (+3).
   It makes you vulnerable to cold.
   It protects you from negative energy.
 h - the +0 cloak of the Tundras (worn) {Regen+}
   (Okawaru gifted it to you on level 4 of the Spider Nest)

   It increases your rate of regeneration.
 s - a +0 shield (worn)
 E - the +5 chain mail of the Present (worn) {rElec rC+ rN+}
   (You bought it in a shop on level 4 of the Dungeon)

   It protects you from cold.
   It insulates you from electricity.
   It protects you from negative energy.
 F - the +3 hat of the Ban (worn) {rF+ Int+3}
   (Okawaru gifted it to you on level 11 of the Dungeon)

   It affects your intelligence (+3).
   It protects you from fire.
 G - a +2 pair of boots of flying (worn)
Jewellery
 c - an uncursed ring of see invisible
 i - an uncursed ring of sustain attributes
 t - an amulet of faith (around neck)
 I - the ring of the Lily (right hand) {Wiz rElec rPois rF+ Stlth+}
   (You took it off an orc warrior on level 9 of the Dungeon)

   [ring of wizardry]

   It improves your spell success rate.
   It protects you from fire.
   It insulates you from electricity.
   It protects you from poison.
   It makes you more stealthy.
 J - an uncursed ring of protection from cold
 L - an uncursed ring of protection from magic
 P - an uncursed ring of protection from magic
 W - the ring "Xunn" (left hand) {rC+ Str+7 Int-5}
   (You found it on level 6 of the Lair of Beasts)

   [ring of protection from cold]

   It affects your strength (+7).
   It affects your intelligence (-5).
   It protects you from cold.
Wands
 l - a wand of hasting (6/9)
 q - a wand of teleportation (4/9)
 N - a wand of digging (12/24)
 X - a wand of heal wounds (9/9)
Scrolls
 g - 2 scrolls of blinking
 k - 8 scrolls of remove curse
 n - a scroll of amnesia
 y - 2 scrolls of fog
 A - 8 scrolls of teleportation
 C - 5 scrolls of magic mapping
Potions
 e - a potion of cure mutation
 m - 10 potions of curing
 o - a potion of resistance
 v - 4 potions of lignification
 w - 4 potions of might
 M - 2 potions of cancellation
 V - 3 potions of agility
Comestibles
 b - a bread ration
 x - 11 meat rations
 T - 8 beef jerkies
 U - 9 slices of pizza
 Y - 7 royal jellies


   Skills:
 - Level 16.3 Fighting
 - Level 21.6 Maces & Flails
 - Level 16.0 Armour
 - Level 15.2 Dodging
 - Level 1.5 Stealth
 * Level 11.5 Shields
 - Level 4.3 Unarmed Combat


You had 16 spell levels left.
You didn't know any spells.

Dungeon Overview and Level Annotations

Branches:
Dungeon (15/15)            Temple (0/1) D:4            Lair (8/8) D:11
 Shoals (1/4) Lair:3       Spider (4/4) Lair:3        Slime (1/6) Lair:7
    Orc (2/2) D:10            Elf (0/3) Orc:2        Vaults (1/5) D:14
 Depths (1/5) D:15           Hell (1/1)
    Dis: Hell:1         Geh: Hell:1         Coc: Hell:1         Tar: Hell:1

Altars:
Ashenzari
Cheibriados
Dithmenos
Elyvilon
Fedhas
Gozag
Makhleb
Nemelex Xobeh
Okawaru
Qazlal
Xom
Yredelemnul
The Shining One

Shops:
D:4 [   D:11 %[   Orc:1 [   Orc:2 [}%[*

Portals:
Hell: Lair:8

Annotations:
Hell Geryon


Innate Abilities, Weirdness & Mutations

You reflexively headbutt those who attack you in melee.
You have a pair of horns on your head.
You have a beak for a mouth.
You have sharp fingernails.
You are partially covered in rugged brown scales (AC +1, +3% HP).
You are very agile. (Dex +4)
You are very robust (+20% HP).
You are weak. (Str -2)


Message History

The centaur warrior hits you but does no damage.
The deep elf archer shoots an arrow.
The arrow hits you.
* * * LOW HITPOINT WARNING * * *
The brown very ugly thing bites you.
* * * LOW HITPOINT WARNING * * *
You are splashed with acid!
The acid burns!
* * * LOW HITPOINT WARNING * * *
The deep elf knight hits you but does no damage.
The centaur warrior hits you but does no damage.
You sock the brown very ugly thing! You headbutt the brown very ugly thing!
You peck the brown very ugly thing!
The brown very ugly thing is severely wounded.
The deep elf knight hits you with an uncursed long sword.
* * * LOW HITPOINT WARNING * * *
The brown very ugly thing bites you!
* * * LOW HITPOINT WARNING * * *
You are splashed with acid!
The acid burns!
* * * LOW HITPOINT WARNING * * *
The centaur warrior hits you.
You die...

#.# ...... .# #..#.... #.#
#####..#.#. #..#.... #.#
#....(.... #..'.... #.#
#...gD..##### #..#.... #.#
#.D.gegx..... #..##### #.#
#eu...... #..#
#.#######W#########..#####
#.......euc...............
#........@................
#.........................
#...e....(................
#.#################..#####
#.# #..# #.# #..# #.# #..#
#.+ #..#


You could see a brown very ugly thing, a red ugly thing, a centaur warrior, 3
deep elf archers, a deep elf knight, a freezing wraith, a mottled dragon and 3
boggarts.

Vanquished Creatures
  Arachne (Spider:3)
  Rupert (D:13)
  A sphinx (Vaults:1)
  Agnes (Spider:3)
  Wiglaf (Spider:4)
  Maud (Lair:4)
  4 emperor scorpions
  4 ghost moths (Spider:4)
  An ironheart preserver (Vaults:1)
  A stone giant (Orc:2)
  A deep elf annihilator (Vaults:1)
  4 spark wasps
  A dire elephant (Lair:8)
  A deep elf death mage (Vaults:1)
  A minotaur (Lab)
  Erolcha (D:13)
  Josephine (D:15)
  An entropy weaver (Spider:2)
  Fannar (Lair:2)
  10 hydras
  2 ogre magi (Orc:2)
  A centaur warrior (D:13)
  A tengu warrior (D:9)
  The ghost of Cyrkle the Summoner, a journeyman OpWz of Sif Muna (D:14)
  Urug (Lair:4)
  10 death yaks
  A sun demon (Lair:8)
  A fire crab (Lair:7)
  An unseen horror (D:13)
  A wizard (Lair:8)
  3 skeletal warriors
  2 deep trolls (Orc:2)
  A phantasmal warrior (D:15)
  A lindwurm (Lair:6)
  5 hill giants
  A necromancer (D:15)
  A wolf spider zombie (D:15)
  A shadow dragon zombie (D:15)
  34 wolf spiders
  2 orc knights
  4 griffons
  8 ugly things
  25 orb spiders
  A stone giant zombie (D:15)
  A shining eye (Lair:7)
  6 hornets
  7 cyclopes
  6 elephants
  2 moths of wrath
  5 black mambas
  A siren (Lair:3)
  21 spiny frogs
  A smoke demon (Lair:8)
  2 orange demons (Lair:8)
  2 gargoyles
  2 torpor snails
  4 rime drakes
  2 kobold demonologists
  7 komodo dragons
  3 ice devils (Lair:8)
  11 demonic crawlers
  A minotaur zombie (Lab)
  A hellwing (Lair:8)
  37 jumping spiders
  2 red devils (Lair:8)
  A harpy zombie (D:15)
  20 trolls
  A queen bee (D:13)
  7 two-headed ogres
  6 slime creatures
  13 blink frogs
  A spriggan zombie (D:15)
  A boulder beetle (Spider:1)
  An ettin skeleton (D:15)
  7 wraiths
  3 wyverns
  60 yaks
  87 redbacks
  A vampire (D:9)
  17 humans
  45 tarantellas
  5 basilisks
  3 hungry ghosts
  14 hippogriffs
  3 vampire mosquitoes
  Menkaure (D:5)
  2 mottled dragons
  5 wargs
  A soldier ant (D:11)
  3 hell hounds (Lair:8)
  12 porcupines
  19 water moccasins
  18 orc warriors
  4 sky beasts
  2 black bears
  An ice beast (D:10)
  3 wasps (Spider:4)
  2 necrophages
  An eye of draining (D:13)
  25 ogres
  9 wolves
  7 centaurs
  12 crocodiles
  7 big kobolds
  19 giant frogs
  2 wyvern skeletons (D:9)
  2 scorpions (D:13)
  33 killer bees
  3 wights (D:10)
  4 howler monkeys (D:9)
  5 crimson imps
  A wyvern simulacrum (D:14)
  A wasp zombie (D:14)
  3 centaur zombies
  11 hounds
  16 orc priests
  8 jellies
  5 centaur skeletons
  2 giant frog skeletons
  8 iguanas
  13 worker ants
  23 orc wizards
  25 sheep
  A hound skeleton (D:5)
  A worker ant zombie (D:9)
  11 gnolls
  85 river rats
  20 adders
  2 shadow imps
  3 oozes
  2 adder skeletons
  An adder zombie (D:7)
  6 worms
  3 dart slugs (D:1)
  7 giant geckos
  73 orcs
  15 ball pythons
  3 giant cockroaches
  13 goblins
  7 hobgoblins
  16 jackals
  3 quokkas
  9 bats
  2 giant gecko skeletons
  2 giant newts
  A jackal zombie (D:8)
  17 kobolds
  25 rats
  A crawling corpse (Vaults:1)
  5 fungi
  A plant (Lair:7)
1220 creatures vanquished.

Vanquished Creatures (others)
  A jumping spider (Spider:4)
  A redback (Spider:4)
  A tarantella (Spider:4)
  A boggart (Vaults:1)
  A bush (Lair:7)
  5 fungi
  4 plants
14 creatures vanquished.

Grand Total: 1234 creatures vanquished

Notes
Turn   | Place    | Note
--------------------------------------------------------------
     0 | D:1      | Uller88 the Minotaur Monk began the quest for the Orb.
     0 | D:1      | Reached XP level 1. HP: 19/19 MP: 0/0
   120 | D:1      | Reached skill level 1 in Armour
   140 | D:1      | Reached XP level 2. HP: 7/27 MP: 1/1
   603 | D:1      | Reached XP level 3. HP: 33/33 MP: 2/2
   732 | D:2      | Reached skill level 1 in Maces & Flails
  1075 | D:2      | Reached XP level 4. HP: 38/41 MP: 3/3
  1189 | D:2      | Found a shimmering altar of Xom.
  1207 | D:2      | Reached skill level 2 in Maces & Flails
  1449 | D:3      | Found a basalt altar of Yredelemnul.
  1905 | D:3      | Reached XP level 5. HP: 39/47 MP: 4/4
  1917 | D:3      | Found a blossoming altar of Fedhas.
  1924 | D:3      | Found a basalt altar of Yredelemnul.
  1931 | D:3      | Found a burning altar of Makhleb.
  1938 | D:3      | Found a stormy altar of Qazlal.
  1947 | D:3      | Found an iron altar of Okawaru.
  1952 | D:3      | Found a shadowy altar of Dithmenos.
  1964 | D:3      | Found a snail-covered altar of Cheibriados.
  1976 | D:3      | Became a worshipper of Warmaster Okawaru
  1976 | D:3      | Reached * piety under Okawaru
  1976 | D:3      | Reached ** piety under Okawaru
  2251 | D:4      | Got a bloodstained leather armour
  2264 | D:4      | Identified the +1 leather armour "Jaippama" {rPois} (You found it on level 4 of the Dungeon)
  2298 | D:4      | Noticed an ogre
  2306 | D:4      | Killed an ogre
  2306 | D:4      | Reached skill level 5 in Fighting
  2306 | D:4      | Reached skill level 3 in Maces & Flails
  2318 | D:4      | Found Hely's Antique Armour Boutique.
  2347 | D:4      | Found a staircase to the Ecumenical Temple.
  2366 | D:4      | Got a pair of dazzling gloves
  2372 | D:4      | Identified the +1 pair of gloves of Kaffezim {rC- rN+ Slay+3} (You found it on level 4 of the Dungeon)
  2407 | D:4      | Reached XP level 6. HP: 53/56 MP: 5/5
  2517 | D:4      | Found a shattered altar of Ashenzari.
  2749 | D:5      | Entered Level 5 of the Dungeon
  2786 | D:5      | Reached skill level 4 in Maces & Flails
  3118 | D:5      | Found a white marble altar of Elyvilon.
  3682 | D:5      | Reached skill level 5 in Maces & Flails
  3682 | D:5      | Reached XP level 7. HP: 60/62 MP: 6/6
  3781 | D:5      | Reached *** piety under Okawaru
  3938 | D:5      | Noticed Menkaure
  3942 | D:5      | Killed Menkaure
  3942 | D:5      | Reached skill level 5 in Dodging
  4165 | D:6      | Found a glowing drain.
  4201 | Sewer    | Entered a sewer
  4651 | Sewer    | Reached skill level 6 in Maces & Flails
  4998 | D:6      | Reached XP level 8. HP: 61/71 MP: 7/7
  5117 | D:6      | Reached skill level 5 in Armour
  5230 | D:6      | Reached **** piety under Okawaru
  5230 | D:6      | Reached skill level 7 in Maces & Flails
  5236 | D:6      | Gained mutation: You are agile. (Dex +2) [mutagenic meat]
  5237 | D:6      | Gained mutation: You are robust (+10% HP). [mutagenic meat]
  5238 | D:6      | Gained mutation: You are very agile. (Dex +4) [mutagenic meat]
  5239 | D:6      | Gained mutation: You have sharp fingernails. [mutagenic meat]
  5240 | D:6      | Gained mutation: You are partially covered in rugged brown scales (AC +1, +3% HP). [mutagenic meat]
  5279 | D:6      | Found a sparkling altar of Nemelex Xobeh.
  5280 | D:6      | Found an opulent altar of Gozag.
  5707 | D:7      | You fall through a shaft!
  6183 | D:8      | Reached skill level 8 in Maces & Flails
  6689 | D:9      | Reached XP level 9. HP: 59/89 MP: 8/8
  6883 | D:9      | Reached skill level 9 in Maces & Flails
  6899 | D:9      | Reached ***** piety under Okawaru
  6907 | D:9      | HP: 4/91 [big kobold (2)]
  7322 | D:9      | Noticed a tengu warrior
  7348 | D:9      | Killed a tengu warrior
  7348 | D:9      | Reached skill level 10 in Maces & Flails
  7699 | D:9      | Found an opulent altar of Gozag.
  7714 | D:9      | Received a gift from Okawaru
  7714 | D:9      | Reached XP level 10. HP: 56/101 MP: 9/9
  7724 | D:9      | Received a gift from Okawaru
  7738 | D:9      | Got a smoking marble ring
  7913 | D:9      | Identified the ring of the Lily {Wiz rElec rPois rF+ Stlth+} (You took it off an orc warrior on level 9 of the Dungeon)
  7970 | D:9      | Reached skill level 11 in Maces & Flails
  8650 | D:7      | Found a white marble altar of Elyvilon.
  9507 | D:7      | Found a glowing golden altar of the Shining One.
  9629 | D:4      | Bought an emerald-encrusted chain mail for 294 gold pieces
  9629 | D:4      | Bought a cloak for 139 gold pieces
  9644 | D:4      | Identified the +5 chain mail of the Present {rElec rC+ rN+} (You bought it in a shop on level 4 of the Dungeon)
  9824 | D:10     | Entered Level 10 of the Dungeon
 10022 | D:10     | Reached skill level 12 in Maces & Flails
 10069 | D:10     | Found a staircase to the Orcish Mines.
 10095 | D:10     | Noticed a hill giant
 10104 | D:10     | Killed a hill giant
 10234 | D:10     | Reached XP level 11. HP: 111/111 MP: 10/10
 10239 | D:10     | Reached skill level 10 in Fighting
 10518 | D:10     | Noticed an eight-headed hydra
 10531 | D:10     | Killed an eight-headed hydra
 10861 | Orc:1    | Entered Level 1 of the Orcish Mines
 10887 | D:11     | Found Rumeas's Antique Armour Shop.
 10897 | D:11     | Reached skill level 13 in Maces & Flails
 10989 | D:11     | Bought a brightly glowing cloak for 266 gold pieces
 11037 | D:11     | Identified the +0 cloak "Kuba" {rElec rC- rN+++ Regen+} (You bought it in a shop on level 11 of the Dungeon)
 11069 | D:11     | Noticed a hill giant
 11080 | D:11     | Killed a hill giant
 11080 | D:11     | Received a gift from Okawaru
 11083 | D:11     | Got a crude hat {god gift}
 11089 | D:11     | Identified the +3 hat of the Ban {rF+ Int+3} (Okawaru gifted it to you on level 11 of the Dungeon)
 11132 | D:11     | Found a staircase to the Lair.
 11216 | Lair:1   | Entered Level 1 of the Lair of Beasts
 11241 | D:11     | Found a snail-covered altar of Cheibriados.
 11290 | D:11     | Found Lodeerim's Food Emporium.
 11532 | D:11     | You fall through a shaft for 3 floors!
 11579 | D:14     | Reached skill level 10 in Dodging
 11604 | D:13     | Noticed a purple ugly thing
 11616 | D:13     | Killed a purple ugly thing
 11616 | D:13     | Reached skill level 10 in Armour
 11630 | D:13     | Noticed a centaur warrior
 11653 | D:13     | Killed a centaur warrior
 11854 | D:13     | Reached skill level 14 in Maces & Flails
 12006 | D:12     | Reached XP level 12. HP: 78/124 MP: 11/11
 12250 | D:11     | Gained mutation: You have a beak for a mouth. [potion of beneficial mutation]
 13610 | D:13     | Reached ****** piety under Okawaru
 13618 | D:13     | Received a gift from Okawaru
 13636 | D:13     | Reached skill level 15 in Maces & Flails
 13790 | D:13     | Noticed Erolcha
 13810 | D:13     | Killed Erolcha
 14012 | D:14     | Found a gate to the Vaults.
 14012 | D:14     | Noticed Rupert
 14012 | D:14     | Noticed Cyrkle's ghost (journeyman OpWz)
 14049 | D:13     | Killed Rupert
 14066 | D:13     | Received a gift from Okawaru
 14426 | D:13     | Reached XP level 13. HP: 80/133 MP: 12/12
 14579 | D:13     | Reached skill level 16 in Maces & Flails
 14919 | D:14     | Killed Cyrkle's ghost
 15123 | D:14     | Found an iron altar of Okawaru.
 15541 | D:15     | Entered Level 15 of the Dungeon
 15541 | D:15     | Noticed Josephine
 15554 | D:15     | Killed Josephine
 15554 | D:15     | Received a gift from Okawaru
 15901 | D:15     | Received a gift from Okawaru
 15918 | D:15     | Found a staircase to the Depths.
 16548 | D:15     | Reached skill level 17 in Maces & Flails
 16634 | Depths:1 | Entered Level 1 of the Depths
 17823 | Orc:1    | Found Fimolu's Armour Shop.
 18029 | Orc:2    | Entered Level 2 of the Orcish Mines
 18043 | Orc:2    | Found a labyrinth entrance.
 18071 | Lab      | Entered a labyrinth
 18704 | Lab      | Noticed a minotaur
 18715 | Lab      | Killed a minotaur
 18838 | Lab      | Got a steaming ring mail
 18879 | Lab      | Identified the +4 ring mail of Wiep {rF+} (You found it in a labyrinth)
 19012 | Orc:2    | Found a staircase to the Elven Halls.
 19075 | Orc:2    | Noticed a stone giant
 19081 | Orc:2    | Received a gift from Okawaru
 19294 | Orc:2    | Reached XP level 14. HP: 73/145 MP: 13/13
 19832 | Orc:2    | Found Woima's Antique Armour Emporium.
 19832 | Orc:2    | Found Feenup's Assorted Antiques.
 19840 | Orc:2    | Found Cymoasou's Food Shop.
 19845 | Orc:2    | Found Xeroi's Gadget Shoppe.
 19855 | Orc:2    | Received a gift from Okawaru
 20153 | Orc:2    | Killed a stone giant
 20488 | Orc:2    | Bought a potion of heal wounds for 120 gold pieces
 20488 | Orc:2    | Bought a dented pearl amulet for 120 gold pieces
 20494 | Orc:2    | Bought a runed ring mail for 104 gold pieces
 20494 | Orc:2    | Bought a shiny scale mail for 104 gold pieces
 20725 | Orc:2    | Found Xuh Ceyn's Antique Armour Emporium.
 20738 | Orc:2    | Bought a runed cloak for 162 gold pieces
 21063 | Lair:1   | Reached skill level 18 in Maces & Flails
 21939 | Lair:2   | Noticed Fannar
 21964 | Lair:2   | Killed Fannar
 22629 | Lair:3   | Found a staircase to the Shoals.
 22674 | Shoals:1 | Entered Level 1 of the Shoals
 23675 | Lair:3   | Found a hole to the Spider Nest.
 23722 | Spider:1 | Entered Level 1 of the Spider Nest
 24037 | Lair:4   | Received a gift from Okawaru
 24117 | Lair:4   | Noticed Urug
 24132 | Lair:4   | Killed Urug
 24477 | Lair:4   | Reached XP level 15. HP: 149/155 MP: 14/14
 24591 | Lair:4   | Noticed Maud
 24602 | Lair:4   | Killed Maud
 24830 | Lair:4   | Reached skill level 19 in Maces & Flails
 25256 | Lair:5   | Gained mutation: You are very robust (+20% HP). [potion of beneficial mutation]
 25881 | Lair:6   | Got a glittering glass ring
 25884 | Lair:6   | Identified the ring "Xunn" {rC+ Str+7 Int-5} (You found it on level 6 of the Lair of Beasts)
 26949 | Lair:7   | Found a staircase to the Slime Pits.
 26950 | Lair:7   | Gained mutation: You are weak. (Str -2) [a shining eye]
 26974 | Slime:1  | Entered Level 1 of the Pits of Slime
 26974 | Slime:1  | Noticed an azure jelly
 26974 | Slime:1  | Noticed an acid blob
 27296 | Lair:7   | Received a gift from Okawaru
 27304 | Lair:7   | Got a shadowed robe {god gift}
 27315 | Lair:7   | Identified the +1 robe "Jus Vami" {-Tele rF+ Int+2} (Okawaru gifted it to you on level 7 of the Lair of Beasts)
 27606 | Lair:8   | Entered Level 8 of the Lair of Beasts
 27804 | Lair:8   | Found a blossoming altar of Fedhas.
 28212 | Lair:8   | Reached skill level 15 in Fighting
 28534 | Lair:8   | Found a burning altar of Makhleb.
 28547 | Lair:8   | Reached skill level 20 in Maces & Flails
 28578 | Lair:8   | Found a gateway to Hell.
 28772 | Hell     | Entered the Vestibule of Hell
 28772 | Hell     | Noticed Geryon
 29813 | Spider:1 | Reached XP level 16. HP: 167/183 MP: 15/15
 29852 | Spider:1 | Received a gift from Okawaru
 29877 | Spider:1 | Reached skill level 15 in Armour
 31152 | Spider:1 | Received a gift from Okawaru
 33036 | Spider:3 | Noticed Arachne
 33045 | Spider:3 | Noticed Agnes
 33594 | Spider:3 | Killed Arachne
 33594 | Spider:3 | Reached skill level 21 in Maces & Flails
 33930 | Spider:3 | Killed Agnes
 33970 | Spider:3 | Received a gift from Okawaru
 34269 | Spider:3 | Reached skill level 15 in Dodging
 34718 | Spider:4 | Entered Level 4 of the Spider Nest
 34966 | Spider:4 | Received a gift from Okawaru
 36527 | Spider:4 | Reached XP level 17. HP: 161/194 MP: 16/16
 36637 | Spider:4 | Noticed Wiglaf
 36660 | Spider:4 | Killed Wiglaf
 36729 | Spider:4 | Reached skill level 1 in Shields
 37148 | Spider:4 | Reached skill level 5 in Shields
 37511 | Spider:4 | Received a gift from Okawaru
 37512 | Spider:4 | Got a smoking cloak {god gift}
 37539 | Spider:3 | Identified the +0 cloak of the Tundras {Regen+} (Okawaru gifted it to you on level 4 of the Spider Nest)
 38329 | Spider:4 | Reached skill level 10 in Shields
 38713 | Spider:4 | Got a gossamer rune of Zot
 39233 | Vaults:1 | Entered Level 1 of the Vaults
 39430 | Vaults:1 | HP: 9/195 [brown very ugly thing[a boggart] (16)]
 39430 | Vaults:1 | HP: 2/195 [acid[a boggart] (7)]
 39430 | Vaults:1 | Slain by a centaur warrior

Skill      XL: |  1  2  3  4  5  6  7  8  9 10 11 12 13 14 15 16 17 |
---------------+----------------------------------------------------+-----
Armour         | 1 2 3 4 6 7 9 10 11 12 13 14 16 | 16.0
Fighting       | 4 5 6 7 8 9 11 12 13 14 15 16 | 16.3
Maces & Flails | 1 2 3 5 6 8 10 12 14 15 17 18 20 21 | 21.6
Dodging        | 4 5 6 7 9 10 11 12 13 14 15 | 15.2
Shields        | 11 | 11.5
Stealth        | |  1.5
Unarmed Combat | |  4.3

Action                   |  1- 3 |  4- 6 |  7- 9 | 10-12 | 13-15 | 16-18 || total
-------------------------+-------+-------+-------+-------+-------+-------++-------
Melee: Unarmed           |    37 |       |       |       |       |       ||    37
       Headbutt          |    11 |    37 |    78 |   288 |   462 |   279 ||  1155
       Mace              |    40 |    60 |       |       |       |       ||   100
       Punch             |     1 |     2 |     1 |    27 |    35 |    20 ||    86
       Whip              |       |    86 |   302 |   639 |       |       ||  1027
       Flail             |       |       |       |   223 |  1481 |   904 ||  2608
       Peck              |       |       |       |    81 |   462 |   301 ||   844
Invok: Heroism           |       |       |     2 |     4 |    10 |     2 ||    18
       Finesse           |       |       |     1 |     2 |     3 |     1 ||     7
Evoke: Wand              |       |       |       |       |       |     9 ||     9
  Use: Scroll            |     5 |     4 |    12 |    11 |    17 |    17 ||    66
       Potion            |       |       |     7 |     5 |     2 |    20 ||    34
 Stab: Sleeping          |     1 |       |     1 |     2 |       |       ||     4
       Invisible         |       |       |     4 |       |       |     7 ||    11
       Distracted        |       |       |       |     1 |     1 |       ||     2
       Confused          |       |       |       |       |     1 |       ||     1
  Eat: Chunk             |     1 |     7 |    19 |    18 |    22 |    10 ||    77
       Fruit             |       |     1 |       |     1 |     1 |     5 ||     8
       Bread ration      |       |       |     1 |       |     6 |     4 ||    11
       Beef jerky        |       |       |       |     1 |       |       ||     1
       Pizza             |       |       |       |       |     1 |     1 ||     2
       Royal jelly       |       |       |       |       |       |     1 ||     1
Armor: Ring mail         |    32 |    41 |       |       |       |       ||    73
       Robe              |     1 |       |       |       |       |       ||     1
       Leather armour    |       |    14 |    68 |    45 |       |       ||   127
       Chain mail        |       |       |       |   356 |   742 |   802 ||  1900
Dodge: Dodged            |    64 |    83 |   260 |   600 |  1214 |  1157 ||  3378
Block: Shield            |       |       |       |       |       |   306 ||   306
